 Dungeon Crawl Stone Soup version 0.17.1-2-g5865329 (webtiles) character file.

215 Faustar the Sneak (level 5, -3/24 HPs)
             Began as a Vine Stalker Enchanter on Jan 29, 2016.
             Slain by a wyvern zombie (7 damage)
             ... on level 3 of the Dungeon.
             The game lasted 00:06:28 (1671 turns).

Faustar the Sneak (Vine Stalker Enchanter)          Turns: 1671, Time: 00:06:28

Health: -3/24      AC:  3    Str: 10    XL:     5   Next: 92%
Magic:  0/12       EV: 12    Int: 15    God:
Gold:   172        SH:  0    Dex: 16    Spells: 2 memorised, 10 levels left

rFire  x . .     SeeInvis .     m - +2 dagger (speed)
rCold  + . .     Clarity  .     b - +1 robe
rNeg   . . .     SustAt   .     (no shield)
rPois  .         Gourm    .     (no helmet)
rElec  .         Spirit   +     (no cloak)
rCorr  .         Warding  .     (no gloves)
rMut   .         Stasis   .     (no boots)
MR     .....                    (no amulet)
Stlth  +++.......               q - ring of wizardry
                                e - ring of ice

@: not resistant to hostile enchantments, fairly stealthy
A: fangs 2, regeneration 1, magic shield, antimagic bite, no device heal 3, rot
immunity
a: no special abilities


You were on level 3 of the Dungeon.
You were not hungry.

You visited 1 branch of the dungeon, and saw 6 of its levels.

You collected 172 gold pieces.

Inventory:

Hand Weapons
 a - a +1 dagger
 m - a +2 dagger of speed (weapon)
Armour
 b - a +1 robe (worn)
Jewellery
 e - a ring of ice (left hand)
 q - a ring of wizardry (right hand)
Scrolls
 g - 3 scrolls of remove curse {unknown}
 j - 7 scrolls of identify {unknown}
 k - 3 scrolls of amnesia {unknown}
 p - a scroll of random uselessness {unknown}
 r - a scroll of teleportation {unknown}
 s - a scroll of enchant weapon {unknown}
 v - a scroll of immolation {unknown}
Potions
 f - a potion of haste {unknown}
 i - 2 potions of heal wounds {unknown}
 l - a potion of agility {unknown}
 n - a potion of curing {unknown}
 t - a potion of degeneration {unknown}
Books
 c - a book of Maledictions

   Spells                             Type                      Level
   a - Corona                         Hexes                        1
   b - Ensorcelled Hibernation        Hexes/Ice                    2
   c - Confuse                        Hexes                        3
   d - Tukima's Dance                 Hexes                        3
   e - Dazzling Spray                 Conjuration/Hexes            3
Comestibles
 d - 2 bread rations
 h - a royal jelly
 o - 2 beef jerkies
 u - 6 chunks of flesh
 w - a meat ration


   Skills:
 - Level 2.0 Short Blades
 - Level 1.5 Dodging
 - Level 5.0 Stealth
 - Level 4.5 Spellcasting
 - Level 3.0 Hexes
 + Level 1.5 Ice Magic


You had 10 spell levels left.
You knew the following spells:

 Your Spells              Type           Power        Failure   Level  Hunger
a - Corona                Hex            ##.....      2%          1    None
b - Ensorcelled Hibernat  Hex/Ice        ###...       4%          2    ##.....


Dungeon Overview and Level Annotations

Branches:
Dungeon (6/15)
 Temple: D:4-7

Altars:


Innate Abilities, Weirdness & Mutations

You have extremely sharp teeth.
Your natural rate of healing is unusually fast.
When hurt, damage is shared between your health and your magic reserves.
Your bite disrupts and absorbs the magic of your enemies.
Potions and wands cannot restore your health.
You are immune to rotting.


Message History

You bite the wyvern zombie, but do no damage.
The wyvern zombie closely misses you.
You hit the wyvern zombie. The wyvern zombie bites you.
You barely miss the wyvern zombie. You bite the wyvern zombie.
You drain its power.
You feel invigorated.
You hit the wyvern zombie but do no damage.
The wyvern zombie bites you!
* * * LOW HITPOINT WARNING * * *
You are too injured to fight recklessly!
You are too injured to fight recklessly!
You are too injured to fight recklessly!
You hit the wyvern zombie.
The wyvern zombie completely misses you.
You hit the wyvern zombie. Your bite misses the wyvern zombie.
The wyvern zombie bites you.
You hit the wyvern zombie. You bite the wyvern zombie. You drain its power.
You feel invigorated.
You hit the wyvern zombie. You bite the wyvern zombie. You drain its power.
You feel invigorated. The wyvern zombie bites you!
You die...

###. #.Z ####
##.###...$.
#.Z#...##..
##.#@......#
#######.....######
...........####
#####..(.......
###..########
##....#
########...#.#
#..(......##.#
#......<##...#


You could see a wyvern zombie.

Vanquished Creatures
  An ice beast (D:4)
  A hound skeleton (D:4)
  3 adders
  2 oozes (D:2)
  A worm (D:2)
  2 giant geckos
  4 orcs
  2 ball pythons
  7 bats
  3 giant cockroaches
  5 hobgoblins
  6 jackals (D:1)
  4 kobolds
  4 giant newts
  4 goblins
  16 rats
65 creatures vanquished.

Notes
Turn   | Place    | Note
--------------------------------------------------------------
     0 | D:1      | Faustar the Vine Stalker Enchanter began the quest for the Orb.
     0 | D:1      | Reached XP level 1. HP: 9/9 MP: 4/4
    22 | D:1      | Reached skill level 1 in Short Blades
    51 | D:1      | Reached skill level 4 in Stealth
    97 | D:1      | Reached XP level 2. HP: 13/13 MP: 6/6
   430 | D:1      | Reached XP level 3. HP: 12/16 MP: 7/7
   725 | D:2      | Reached skill level 5 in Stealth
  1020 | D:2      | Reached XP level 4. HP: 21/21 MP: 8/8
  1251 | D:2      | Learned a level 2 spell: Ensorcelled Hibernation
  1372 | D:3      | You fall through a shaft for 3 floors!
  1381 | D:5      | Entered Level 5 of the Dungeon
  1399 | D:4      | Noticed an ice beast
  1434 | D:4      | Killed an ice beast
  1434 | D:4      | Reached XP level 5. HP: 8/24 MP: 4/12
  1590 | D:4      | Reached skill level 1 in Ice Magic
  1671 | D:3      | Slain by a wyvern zombie

Action                   |  1- 3 |  4- 6 || total
-------------------------+-------+-------++-------
Melee: Dagger            |   123 |    77 ||   200
 Cast: Corona            |       |     1 ||     1
       Ensorcelled Hiber |       |     1 ||     1
 Stab: Sleeping          |    16 |     4 ||    20
       Distracted        |       |     1 ||     1
  Eat: Chunk             |       |     3 ||     3
